 Dungeon Crawl Stone Soup version 0.16-a0-734-gc254e8c (webtiles) character file.

448 Ratboiler the Twirler (level 6, -1/48 HPs)
             Began as a Demigod Wanderer on Sept 22, 2014.
             Slain by an ogre
             ... wielding a +0 giant club
              (28 damage)
             ... on Level 5 of the Dungeon.
             The game lasted 00:24:06 (5543 turns).

Ratboiler the Twirler (Demigod Wanderer)            Turns: 5543, Time: 00:24:06

HP  -1/48        AC  8     Str 16      XL: 6   Next: 44%
MP  12/12        EV  8     Int 15      God:
Gold 212         SH  0     Dex 20      Spells:  2 memorised,  1 level left

rFire  . . .     SeeInvis .     a - +1 quarterstaff (curse)
rCold  . . .     Clarity  .     j - +0 scale mail
rNeg   + . .     rCorr    .     (no shield)
rPois  .         rRot     .     t - +0 helmet
rElec  .         Spirit   .     k - +0 cloak
SustAb +         Warding  +     (no gloves)
rMut   .         Stasis   .     (no boots)
Gourm  .                        A - amulet of warding
MR     .....                    (no ring)
                                u - ring of sustain abilities

@: repel missiles, not resistant to hostile enchantments, very unstealthy
A: high mp 1
a: no special abilities


You were on level 5 of the Dungeon.
You were not hungry.

You visited 1 branch of the dungeon, and saw 5 of its levels.
You also visited: Ossuary.

You collected 212 gold pieces.

Inventory:

Hand weapons
 a - a cursed +1 quarterstaff (weapon)
 b - a +0 hunting sling
 G - a +0 arbalest
Missiles
 c - 28 bolts
 l - 12 poisoned needles
 q - 3 curare-tipped needles
 s - 11 steel sling bullets
 E - a tomahawk (quivered)
 H - 14 arrows of flame
Armour
 d - a cursed +0 robe
 i - a +0 leather armour
 j - a +0 scale mail (worn)
 k - a +0 cloak (worn)
 t - a +0 helmet (worn)
Comestibles
 f - 4 bread rations
 F - 4 fruits
Scrolls
 h - 6 scrolls of remove curse
 n - a scroll of blinking {unknown}
 o - a scroll of magic mapping {unknown}
 r - a scroll of fog
 y - a scroll of recharging
 B - a scroll of teleportation
 C - 2 scrolls of immolation
 D - a scroll of enchant armour {unknown}
Jewellery
 u - a ring of sustain abilities (left hand)
 A - an amulet of warding (around neck)
Potions
 m - 4 potions of curing
 p - 2 potions of lignification
 v - a potion of mutation
 w - a potion of poison {unknown}
 x - 2 potions of restore abilities
 z - 2 potions of brilliance
Books
 g - a book of Minor Magic

   Spells                             Type                      Level
   Magic Dart                         Conjuration                  1
   Blink                              Translocation                2
   *Call Imp                          Summoning                    2
   *Repel Missiles                    Charms/Air                   2
   Slow                               Hexes                        2
   Conjure Flame                      Conjuration/Fire             3
   Mephitic Cloud                     Conjuration/Poison/Air       3


   Skills:
 - Level 2.0 Fighting
   Level 1.0 Short Blades
 * Level 6.0 Staves
 - Level 1.1 Dodging
 - Level 1.7 Stealth
 - Level 2.1 Summonings
 - Level 1.0 Air Magic
   Level 1.0 Evocations


You had one spell level left.
You knew the following spells:

 Your Spells              Type           Power        Failure   Level  Hunger
a - Call Imp              Summ           #.......     78%         2    ###....
b - Repel Missiles        Chrm/Air       #.....       97%         2    ###....


Dungeon Overview and Level Annotations

Branches:
Dungeon (5/15)             Temple (0/1) D:4

Annotations:
D:4 Eustachio


Innate Abilities, Weirdness & Mutations

You have an increased reservoir of magic (+10% MP).


Message History

You throw a tomahawk. The tomahawk hits the ogre.
The ogre is lightly wounded.
Throwing (i - inventory):
E - 3 tomahawks (quivered)
Press: ? - help, Shift-Dir - straight line, f/p - ogre
Aim: an ogre, wielding a giant club (lightly wounded)
You throw a tomahawk. The tomahawk hits the ogre.
The ogre is moderately wounded.
Throwing (i - inventory):
E - 2 tomahawks (quivered)
Press: ? - help, Shift-Dir - straight line, f/p - ogre
Aim: an ogre, wielding a giant club (moderately wounded)
You throw a tomahawk. The tomahawk hits the ogre.
The ogre is moderately wounded.
The ogre hits you with a giant club!!
You barely miss the ogre.
The ogre is moderately wounded.
You hit the ogre.
The ogre is moderately wounded.
The ogre hits you with a giant club!!
Ouch! That really hurt!
You die...

##. ..##...# . .
........ ... ...
........ ....#######....
#......# ..((...........
#.....##....(.O........#
#.....########@#
#.............#
##......####### ##...###
#....# ##...)# #<....#
####..## #....##


You could see an ogre.

Vanquished Creatures
  A scorpion (D:4)
  2 crimson imps (D:4)
  An orc priest (D:4)
  An orc wizard (D:4)
  2 worker ants (D:4)
  Ijyb (D:4)
  A hound skeleton (D:3)
  2 mummies (Ossuary)
  A green rat (D:4)
  5 adders
  2 giant mites
  5 worms
  An adder skeleton (D:4)
  3 giant geckos
  An ooze (D:3)
  6 orcs
  12 goblins
  11 hobgoblins
  10 kobolds
  5 quokkas
  2 ball pythons
  12 bats
  7 giant cockroaches
  4 giant newts
  3 gnoll skeletons (Ossuary)
  A gnoll zombie (Ossuary)
  2 goblin skeletons (Ossuary)
  A goblin zombie (Ossuary)
  A hobgoblin skeleton (Ossuary)
  5 hobgoblin zombies (Ossuary)
  9 jackals
  2 kobold skeletons (Ossuary)
  2 kobold zombies (Ossuary)
  2 orc skeletons (Ossuary)
  7 orc zombies (Ossuary)
  13 rats
  3 rat skeletons (Ossuary)
  A rat zombie (Ossuary)
150 creatures vanquished.

Vanquished Creatures (collateral kills)
  An adder (D:2)
  A kobold zombie (Ossuary)
  A rat (D:2)
3 creatures vanquished.

Vanquished Creatures (others)
  Menkaure (Ossuary)
  A mummy (Ossuary)
  2 gnoll skeletons (Ossuary)
  A gnoll zombie (Ossuary)
  A goblin skeleton (Ossuary)
  A goblin zombie (Ossuary)
  A hobgoblin skeleton (Ossuary)
  2 kobold skeletons (Ossuary)
  A kobold zombie (Ossuary)
  3 orc skeletons (Ossuary)
  An orc zombie (Ossuary)
  3 rat skeletons (Ossuary)
  3 rat zombies (Ossuary)
21 creatures vanquished.

Grand Total: 174 creatures vanquished

Notes
Turn   | Place    | Note
--------------------------------------------------------------
     0 | D:1      | Ratboiler, the Demigod Wanderer, began the quest for the Orb.
     0 | D:1      | Reached XP level 1. HP: 17/17 MP: 2/2
   497 | D:1      | Reached skill level 2 in Fighting
   650 | D:1      | Reached skill level 1 in Staves
   730 | D:1      | Reached XP level 2. HP: 15/24 MP: 3/3
  1415 | D:1      | Reached XP level 3. HP: 15/29 MP: 5/5
  1803 | D:2      | Learned a level 2 spell: Call Imp
  1911 | D:2      | Found an ancient bone altar of Kikubaaqudgha.
  2559 | D:3      | Reached skill level 3 in Staves
  2559 | D:3      | Reached XP level 4. HP: 36/36 MP: 7/7
  3575 | D:4      | Reached skill level 4 in Staves
  3600 | D:4      | Found a sand-covered staircase.
  3604 | Ossuary  | Entered an ossuary
  3634 | Ossuary  | Reached XP level 5. HP: 39/41 MP: 8/8
  3774 | Ossuary  | Killed Menkaure
  3837 | Ossuary  | Learned a level 2 spell: Repel Missiles
  3958 | Ossuary  | Gained mutation: You have an increased reservoir of magic (+10% MP). [potion of beneficial mutation]
  4413 | D:4      | Reached skill level 5 in Staves
  4518 | D:4      | Reached XP level 6. HP: 48/48 MP: 12/12
  4938 | D:4      | Found a staircase to the Ecumenical Temple.
  5270 | D:5      | Entered Level 5 of the Dungeon
  5290 | D:5      | Noticed Eustachio
  5291 | D:5      | Noticed Ijyb
  5338 | D:4      | Killed Ijyb
  5338 | D:4      | Reached skill level 6 in Staves
  5543 | D:5      | Slain by an ogre

Action                   |  1- 3 |  4- 6 || total
-------------------------+-------+-------++-------
Melee: Quarterstaff      |   161 |   310 ||   471
 Fire: Hunting sling     |     4 |     4 ||     8
Throw: Tomahawk          |       |     9 ||     9
 Cast: Call Imp          |     1 |     2 ||     3
       Repel Missiles    |       |     1 ||     1
  Use: Scroll            |     2 |    14 ||    16
       Potion            |       |     2 ||     2
 Stab: Sleeping          |     4 |     2 ||     6
       Distracted        |       |     2 ||     2
  Eat: Chunk             |     5 |     3 ||     8
       Fruit             |     1 |       ||     1
       Pizza             |       |     1 ||     1
       Meat ration       |       |     1 ||     1
